 Dungeon Crawl Stone Soup version 0.28.0-53-g5a82cb258f (webtiles) character file.

Game seed: 13554683531111726231

44 safid the Skirmisher (level 3, -1/33 HPs)
             Began as a Hill Orc Fighter on June 25, 2022.
             Slain by an ice beast (8 damage)
             ... on level 3 of the Dungeon.
             The game lasted 00:02:34 (1868 turns).

safid the Skirmisher (Hill Orc Fighter)             Turns: 1868, Time: 00:02:36

Health: -1/33      AC:  7    Str: 20    XL:     3   Next: 62%
Magic:  3/3        EV:  9    Int:  8    God:
Gold:   80         SH:  4    Dex: 10    Spells: 2/2 levels left

rFire   . . .      SeeInvis .   a - +0 war axe
rCold   . . .      Faith    .   c - +0 buckler
rNeg    . . .      Spirit   .   b - +0 scale mail
rPois   .          Reflect  .   (no helmet)
rElec   .          Harm     .   (no cloak)
rCorr   .          Rampage  .   (no gloves)
Will    .....                   (no boots)
Stlth   ..........              (no amulet)
HPRegen 0.11/turn               (no ring)
MPRegen 0.08/turn               (no ring)

@: no status effects
A: no striking features
a: no special abilities


You were on level 3 of the Dungeon.
You visited 1 branch of the dungeon, and saw 3 of its levels.

You collected 80 gold pieces.

Inventory:

Hand Weapons
 a - a +0 war axe (weapon)
Armour
 b - a +0 scale mail (worn)
 c - a +0 buckler (worn)
Scrolls
 j - 2 scrolls of amnesia {unknown}
 k - a scroll of identify {unknown}
Potions
 d - 2 potions of might
 e - a potion of curing {unknown}
 f - a potion of resistance {unknown}
 g - a potion of invisibility {unknown}
 h - a potion of brilliance {unknown}
 i - 2 potions of heal wounds {unknown}


   Skills:
 - Level 4.0 Fighting
 + Level 3.5 Axes
 + Level 3.8 Armour
 + Level 3.8 Shields


You had 2 spell levels left.
You didn't know any spells.
Your spell library was empty.

Dungeon Overview and Level Annotations

Branches:
Dungeon (3/15)

Altars:


Message History

There is a stone staircase leading up here.
A giant cockroach comes into view.
Found a stone staircase leading up.
You hit the giant cockroach.
The giant cockroach is heavily wounded.
You block the giant cockroach's attack. The giant cockroach closely misses you.
You slash the giant cockroach!
You kill the giant cockroach!
No target in view!
There is a stone staircase leading up here.
An ice beast comes into view.
You barely miss the ice beast. The ice beast hits you.
The ice beast freezes you!
You completely miss the ice beast. The ice beast closely misses you.
The ice beast hits you but does no damage.
You slash the ice beast!
The ice beast is moderately wounded.
The ice beast hits you but does no damage.
You barely miss the ice beast.
The ice beast is moderately wounded.
The ice beast hits you but does no damage.
You hit the ice beast.
The ice beast is moderately wounded.
The ice beast hits you but does no damage. x2
You slash the ice beast!
The ice beast is severely wounded.
The ice beast hits you but does no damage.
You closely miss the ice beast.
The ice beast is severely wounded.
The ice beast hits you. The ice beast freezes you!
* * * LOW HITPOINT WARNING * * *
You are too injured to fight recklessly!
You are too injured to fight recklessly!
You barely miss the ice beast.
The ice beast is severely wounded.
The ice beast hits you but does no damage.
The ice beast hits you.
* * * LOW HITPOINT WARNING * * *
The ice beast freezes you!
You die...

.. . ###.
#.. ... #.#
# #Y##.#
#@...#
#.####
########.#
........<#
########.#
#.#
#########.#
.......<..#
###########


You could see an ice beast.

Vanquished Creatures
  2 ball pythons
  2 bats
  2 endoplasms
  3 giant cockroaches
  5 goblins
  5 hobgoblins (D:1)
  7 jackals (D:1)
  A quokka (D:1)
  4 frilled lizards
  5 kobolds
  3 rats
39 creatures vanquished.

Notes
Turn   | Place    | Note
-------+----------+-------------------------------------------
     0 | D:1      | safid the Hill Orc Fighter began the quest for the Orb.
     0 | D:1      | Reached XP level 1. HP: 19/19 MP: 1/1
   112 | D:1      | Reached XP level 2. HP: 21/27 MP: 2/2
   345 | D:1      | Reached skill level 4 in Fighting
   351 | D:1      | Reached XP level 3. HP: 18/33 MP: 3/3
   648 | D:1      | Noticed an eye of devastation
   649 | D:1      | Found a faded altar of an unknown god.
   652 | D:1      | Noticed a floating eye
   653 | D:1      | Noticed an eye of devastation
   653 | D:1      | Noticed a shining eye
  1857 | D:3      | Noticed an ice beast
  1868 | D:3      | Slain by an ice beast

Illustrated notes

Levels and vault maps discovered:
D:1:      roderic_octagonal_star, layout_rooms,
          hellmonk_ecumenical_altar_watching_god
D:2:      layout_basic, minmay_misc_feat_encased, minmay_tetromino_l2
D:3:      layout_loops_ring, kennysheep_nub, uniq_ijyb

Skill      XL: |  1  2 |
---------------+-------+-----
Axes           | 3 |  3.5
Fighting       | 4 |  4.0
Armour         | |  3.8
Shields        | |  3.8

Action                   || total
-------------------------++-------
Melee: War axe           ||   130
Armor: Scale mail        ||    66
Dodge: Dodged            ||    63
Block: Buckler           ||    36
